 Dungeon Crawl Stone Soup version 0.21.1-1-g345015f (webtiles) character file.

91 inc the Chiller (level 4, -9/27 HPs)
             Began as an Octopode Ice Elementalist on June 17, 2018.
             Killed by divine providence
             ... invoked by an orc priest
              (11 damage)
             ... on level 3 of the Dungeon.
             The game lasted 00:03:24 (3096 turns).

inc the Chiller (Octopode Ice Elementalist)         Turns: 3096, Time: 00:03:25

Health: -9/27      AC:  5    Str:  7    XL:     4   Next: 57%
Magic:  7/7        EV: 13    Int: 18    God:
Gold:   89         SH:  0    Dex: 12    Spells: 6/7 levels left

rFire    . . .     SeeInvis .   p - +2 dagger (venom)
rCold    . . .     Gourm    .   (no shield)
rNeg     . . .     Faith    .   (helmet restricted)
rPois    .         Spirit   .   (no amulet)
rElec    .         Reflect  .   i - ring of resist corrosion
rCorr    +         Harm     .   n - ring of flight
MR       .....                  r - ring of wizardry
Stlth    +++.......             t - +4 ring of protection
HPRegen  0.09/turn              (no ring)
MPRegen  0.10/turn              (no ring)
                                (no ring)
                                (no ring)

@: no status effects
A: almost no armour, stealthy swim, amphibious, 8 rings, constrict 8, camouflage
1, gelatinous body 1
a: Evoke Flight


You were on level 3 of the Dungeon.
You were hungry.

You visited 1 branch of the dungeon, and saw 3 of its levels.

You collected 89 gold pieces.

Inventory:

Hand Weapons
 e - a +0 short sword
 p - a +2 dagger of venom (weapon)
Missiles
 g - 31 poisoned needles
Jewellery
 i - a ring of resist corrosion (left tentacle)
 n - a ring of flight (right tentacle)
 r - a ring of wizardry (on tentacle)
 t - a +4 ring of protection (on tentacle)
Wands
 s - a wand of polymorph (16)
 u - a wand of digging (11)
Scrolls
 c - a scroll of fog {unknown}
 l - 2 scrolls of amnesia {unknown}
 m - 2 scrolls of identify {unknown}
 o - 2 scrolls of remove curse {unknown}
 q - a scroll of magic mapping {unknown}
Potions
 d - 3 potions of mutation {unknown}
 f - a potion of heal wounds {unknown}
 h - 2 potions of curing {unknown}
 j - a potion of berserk rage {unknown}
 k - a potion of brilliance {unknown}
Books
 a - a book of Frost

   Spells                             Type                      Level
   a - Freeze                         Ice                          1
   b - Throw Frost                    Conjuration/Ice              2
   c - Ozocubu's Armour               Charms/Ice                   3
   d - Throw Icicle                   Conjuration/Ice              4
   e - Summon Ice Beast               Ice/Summoning                4
Comestibles
 b - 3 rations


   Skills:
 - Level 2.0 Dodging
 - Level 2.6 Stealth
 - Level 2.0 Spellcasting
   Level 1.0 Conjurations
 + Level 5.2 Ice Magic


You had 6 spell levels left.
You knew the following spells:

 Your Spells              Type           Power        Failure   Level  Hunger
a - Freeze                Ice            ###.         1%          1    #......


Dungeon Overview and Level Annotations

Branches:
Dungeon (3/15)

Altars:
Qazlal

Annotations:
D:3 diana's ghost, amateur DsFi


Innate Abilities, Weirdness & Mutations

You cannot wear most types of armour.
You are very stealthy in the water. (Stealth+)
You are amphibious.
You can wear up to eight rings at the same time.
You can use your tentacles to constrict eight enemies at once.
Your skin changes colour to match your surroundings (Stealth+).
Your rubbery body absorbs attacks. (AC +1, EV +1)


Message History

You are feeling hungry.
An orc and an orc priest come into view.
There are monsters nearby!
An orc comes into view. It is wielding a club.
An orc comes into view. It is wielding a flail.
Found a stone staircase leading down.
An orc priest comes into view.
The orc shouts! x2; The orc priest shouts!
The orc priest invokes the aid of Beogh against you.
Beogh smites you!
The orc shouts!
The orc priest shouts!
The orc priest invokes the aid of Beogh against you.
Beogh smites you!
Ouch! That really hurt!
* * * LOW HITPOINT WARNING * * *
Unknown command.
The orc priest calls down the wrath of Beogh upon you.
Beogh smites you!
You die...

..#.##.........######
....########.........
#.##.............###
#.#..............#
#.#..............#
#.#......>......#####
#.#........####.#...
..#........####.#.#########
(.)........+....@.o.o.oo>..
...........####.#...o##.###
########## #.#........ ####
.S# #.#.#####.# ...+...
#.#.# # ####.. #.#.#
####.##### #.#.# ..........
..#.# .##.......


You could see 2 orc priests and 3 orcs.

Vanquished Creatures
  Ijyb (D:3)
  An adder (D:2)
  A worm (D:2)
  2 dart slugs (D:1)
  An orc (D:3)
  2 giant cockroaches (D:2)
  7 goblins
  7 hobgoblins
  2 jackals (D:3)
  A ball python (D:3)
  6 bats
  3 frilled lizards
  8 kobolds
  7 rats
49 creatures vanquished.

Notes
Turn   | Place    | Note
-------+----------+-------------------------------------------
     0 | D:1      | inc the Octopode Ice Elementalist began the quest for the Orb.
     0 | D:1      | Reached XP level 1. HP: 11/11 MP: 3/3
   741 | D:1      | Reached XP level 2. HP: 17/17 MP: 5/5
  1391 | D:2      | Reached skill level 4 in Ice Magic
  1443 | D:2      | Reached XP level 3. HP: 10/21 MP: 6/6
  2690 | D:3      | Found a stormy altar of Qazlal.
  2746 | D:3      | Reached XP level 4. HP: 24/27 MP: 7/7
  2915 | D:3      | Noticed diana's ghost (amateur DsFi)
  2965 | D:3      | Noticed Ijyb
  2975 | D:3      | Killed Ijyb
  2975 | D:3      | Reached skill level 5 in Ice Magic
  3096 | D:3      | Killed from afar by an orc priest

Skill      XL: |  1  2  3  4 |
---------------+-------------+-----
Ice Magic      | 4 5 |  5.2
Dodging        | |  2.0
Stealth        | |  2.6
Spellcasting   | |  2.0
Conjurations   | |  1.0

Action                   |  1- 3 |  4- 6 || total
-------------------------+-------+-------++-------
Melee: Unarmed           |    18 |       ||    18
       Short sword       |    37 |       ||    37
       Constrict         |    25 |     3 ||    28
       Tentacles         |    11 |     1 ||    12
       Dagger            |    32 |    10 ||    42
 Cast: Freeze            |     1 |     2 ||     3
 Stab: Sleeping          |    14 |     3 ||    17
  Eat: Chunk             |     6 |       ||     6
Armor: Skin              |     8 |     1 ||     9
Dodge: Dodged            |    38 |     5 ||    43
